 Dungeon Sprint DCSS version 0.16-a0-3061-g1c4ddba (webtiles) character file.

11800000 BluebellGnoll the Intangible (level 26, -25/169 HPs)
             Began as a Spriggan Warper on Dec 10, 2014.
             Was the Champion of Makhleb.
             Annihilated by a fleshlord
             ... wielding a +9 great mace
              (109 damage)
             ... in the Dungeon (Sprint VIII: "Arena of Blood").
             The game lasted 00:04:48 (118 turns).

BluebellGnoll the Intangible (Spriggan Warper)       Turns: 118, Time: 00:04:48

Health: -25/169    AC:  4    Str:  2 (7)  XL:     26   Next: 98%
Magic:  48/50      EV: 46    Int: 15      God:    Makhleb [******]
Gold:   0          SH:  0    Dex: 27      Spells: 1 memorised, 78 levels left

rFire  + . .     SeeInvis +     l - +∞ Axe of Woe
rCold  . . .     Clarity  .     b - +0 robe
rNeg   . . .     SustAb   .     (shield restricted)
rPois  .         Gourm    .     (helmet restricted)
rElec  .         Spirit   .     (no cloak)
rCorr  .         Warding  .     (gloves unavailable)
rMut   .         NoTele   +     (boots unavailable)
MR     ++++.                    (no amulet)
Stlth  ++++++++++               (no ring)
                                m - ring of protection from fire

@: lethally poisoned, very quick, incredibly resistant to hostile enchantments,
uncannily stealthy
A: unfitting armour, see invisible, herbivore 3, speed 3, slow metabolism 2
a: Minor Destruction, Lesser Servant of Makhleb, Major Destruction, Greater
Servant of Makhleb, Renounce Religion


You were in the Dungeon.
You worshipped Makhleb.
Makhleb was exalted by your worship.
You were not hungry.

You visited 1 branch

Inventory:

Hand weapons
 a - a +0 short sword
 l - the +∞ Axe of Woe (weapon)
   (You found it in the Dungeon)
Missiles
 e - 5 tomahawks of dispersal (quivered)
Armour
 b - a +0 robe (worn)
Jewellery
 m - a ring of protection from fire (left hand)
Scrolls
 d - 2 scrolls of blinking
Potions
 g - a potion of curing
 h - a potion of heal wounds
 i - a potion of haste
 j - 2 potions of magic
 k - a potion of berserk rage
Books
 c - a book of Spatial Translocations

   Spells                             Type                      Level
   a - Apportation                    Translocation                1
   b - Blink                          Translocation                2
   c - Shroud of Golubria             Charms/Translocation         2
   d - Portal Projectile              Translocation                3
   e - Teleport Other                 Translocation                3
   f - Passage of Golubria            Translocation                4
Comestibles
 f - a bread ration


   Skills:
 O Level 27 Fighting
 O Level 27 Short Blades
 O Level 27 Axes
 O Level 27 Throwing
 O Level 27 Armour
 O Level 27 Dodging
 O Level 27 Stealth
 O Level 27 Unarmed Combat
 O Level 27 Spellcasting
 O Level 27 Translocations
 O Level 27 Invocations


You had 78 spell levels left.
You knew the following spells:

 Your Spells              Type           Power        Failure   Level  Hunger
a - Apportation           Tloc           #######...   0%          1    None


Dungeon Overview and Level Annotations

Branches:
Dungeon (1/1)

Altars:
Makhleb


Innate Abilities, Weirdness & Mutations

You are tiny and cannot use many weapons and most armour.
You have supernaturally acute eyesight.
You are a herbivore.
You cover ground extremely quickly.
You need consume almost no food.


Message History

You destroy the lost soul!
Makhleb accepts your kill.
You feel a little better.
You feel sick.
You hear a shout!
The scourge throws poison at you. The bolt of poison misses you.
You hear a shout!
The fleshlord appears out of thin air!
A fleshlord comes into view. It is wielding a +9 great mace.
The eight-headed meat hydra calls on the powers of darkness!
The eight-headed meat hydra convulses!
The scourge convulses!
The fleshlord convulses!
Your body is wracked with pain!
You hear a shout! x2
Unknown command. 2 ogres come into view.
You feel sick.
You hear a shout! x2
The fleshlord hits you with a +9 great mace!!!!
Ouch! That really hurt!
You die...

###.O.#..........
##......#..........
#......................
.....#..................
.......#........#.......#
...........#.....#...D...#
.......#%))D..###)......##
#....))).)..)V).)###....
##..)S)@p#).%))).)_.....
#.).))#O))....#...).#..
......###†)))))..%.#_.<._#
....##.S.)#)).%...#.....#
. #.......S#........_.....
#.............%..###....
.............###... ..##
...............#... ..#
..............#... ..#


You could see an eight-headed meat hydra, a destroyer (wandering), 3 scourges, a
fleshlord and 2 meat berserkers.

Vanquished Creatures
  Sigmund (D)
  4 great orbs of eyes (D)
  3 greater mummies (D)
  5 hell beasts (D)
  2 hill giants (D)
  3 hydras (D)
  3 liches (D)
  27 ogres (D)
  60 orcs (D)
  4 phantoms (D)
  6 skeletal warriors (D)
  12 vampire knights (D)
  4 wraiths (D)
  2 sea snakes (D)
  A soul eater (D)
  A large abomination (D)
  5 small abominations (D)
  2 shadows (D)
  10 crawling corpses (D)
155 creatures vanquished.

Vanquished Creatures (others)
  An orc (D)
  4 crawling corpses (D)
5 creatures vanquished.

Grand Total: 160 creatures vanquished

Notes
Turn   | Place    | Note
--------------------------------------------------------------
     0 | D        | BluebellGnoll, the Spriggan Warper, began the quest for the Orb.
     0 | D        | Reached XP level 1. HP: 10/10 MP: 4/4
     3 | D        | Noticed a bag of meat
     4 | D        | Noticed a meat berserker
     4 | D        | Became a worshipper of Makhleb the Destroyer
     5 | D        | Noticed a bag of meat
     5 | D        | Noticed a meat berserker
     6 | D        | Noticed a bag of meat
     6 | D        | Killed a meat berserker
     6 | D        | Reached skill level 27 in Dodging
     6 | D        | Reached XP level 2. HP: 14/14 MP: 7/7
     6 | D        | Reached XP level 3. HP: 18/18 MP: 9/9
     6 | D        | Reached XP level 4. HP: 22/22 MP: 12/12
     6 | D        | Reached XP level 5. HP: 25/25 MP: 14/14
     6 | D        | Reached XP level 6. HP: 30/30 MP: 17/17
     6 | D        | Reached XP level 7. HP: 33/33 MP: 19/19
     6 | D        | Reached XP level 8. HP: 37/37 MP: 20/20
     6 | D        | Reached XP level 9. HP: 41/41 MP: 22/22
     6 | D        | Reached XP level 10. HP: 46/46 MP: 23/23
     6 | D        | Reached XP level 11. HP: 49/49 MP: 24/24
     7 | D        | Noticed a bag of meat
     7 | D        | Killed a meat berserker
     7 | D        | Acquired Makhleb's first power
     7 | D        | Reached XP level 12. HP: 53/53 MP: 24/32
    10 | D        | Noticed a bag of meat
    10 | D        | Noticed a bag of meat
    12 | D        | Killed a bag of meat
    12 | D        | Reached skill level 5 in Short Blades
    12 | D        | Reached skill level 1 in Armour
    12 | D        | Reached skill level 15 in Invocations
    12 | D        | Reached XP level 13. HP: 57/63 MP: 24/33
    13 | D        | Killed a bag of meat
    13 | D        | Acquired Makhleb's second power
    14 | D        | Noticed a bag of meat
    14 | D        | Killed a bag of meat
    14 | D        | Reached XP level 14. HP: 67/72 MP: 25/36
    15 | D        | Noticed a bag of meat
    15 | D        | Killed a bag of meat
    15 | D        | Acquired Makhleb's third power
    16 | D        | Noticed a meat berserker
    16 | D        | Noticed a bag of meat
    16 | D        | Killed a bag of meat
    16 | D        | Reached XP level 15. HP: 63/78 MP: 26/38
    16 | D        | Killed a bag of meat
    16 | D        | Reached skill level 10 in Short Blades
    16 | D        | Reached skill level 5 in Axes
    16 | D        | Reached skill level 5 in Throwing
    17 | D        | Noticed a bag of meat
    17 | D        | Noticed a meat berserker
    17 | D        | Killed a bag of meat
    17 | D        | Acquired Makhleb's fourth power
    17 | D        | Reached skill level 10 in Fighting
    17 | D        | Reached skill level 27 in Stealth
    17 | D        | Reached skill level 15 in Spellcasting
    18 | D        | Noticed a bag of meat
    20 | D        | Killed a bag of meat
    20 | D        | Reached skill level 27 in Translocations
    21 | D        | Noticed a bag of meat
    21 | D        | Noticed a bag of meat
    21 | D        | Killed a meat berserker
    21 | D        | Acquired Makhleb's fifth power
    21 | D        | Reached XP level 16. HP: 85/88 MP: 27/41
    21 | D        | Killed a meat berserker
    22 | D        | Noticed a bag of meat
    22 | D        | Noticed a destroyer
    22 | D        | Killed a bag of meat
    22 | D        | Killed a bag of meat
    22 | D        | Reached skill level 10 in Axes
    23 | D        | Noticed a bag of meat
    23 | D        | Noticed a bag of meat
    24 | D        | Killed a bag of meat
    24 | D        | Reached skill level 15 in Fighting
    24 | D        | Reached skill level 15 in Short Blades
    24 | D        | Reached skill level 5 in Armour
    24 | D        | Reached XP level 17. HP: 96/99 MP: 28/43
    25 | D        | Noticed a meat berserker
    25 | D        | Noticed a bag of meat
    25 | D        | Killed a destroyer
    26 | D        | Noticed a bag of meat
    26 | D        | Killed a bag of meat
    27 | D        | Noticed a bag of meat
    27 | D        | Noticed an eight-headed meat hydra
    28 | D        | Noticed a bag of meat
    28 | D        | Noticed a meat berserker
    29 | D        | Noticed a bag of meat
    29 | D        | Noticed a bag of meat
    29 | D        | Noticed a meat berserker
    30 | D        | Noticed a bag of meat
    30 | D        | Noticed a sculptor of flesh
    30 | D        | Killed a meat berserker
    31 | D        | Noticed an eight-headed meat hydra
    32 | D        | Killed a meat berserker
    33 | D        | Noticed a meat berserker
    33 | D        | Noticed a bag of meat
    33 | D        | Noticed a meat berserker
    33 | D        | Killed a meat berserker
    33 | D        | Reached skill level 10 in Throwing
    33 | D        | Reached skill level 27 in Invocations
    33 | D        | Reached XP level 18. HP: 107/109 MP: 30/45
    33 | D        | Killed a bag of meat
    34 | D        | Noticed a bag of meat
    34 | D        | Killed a bag of meat
    34 | D        | Reached skill level 15 in Axes
    35 | D        | Noticed a bag of meat
    35 | D        | Noticed a destroyer
    35 | D        | Killed a bag of meat
    35 | D        | Killed a bag of meat
    36 | D        | Noticed a bag of meat
    36 | D        | Noticed a destroyer
    36 | D        | Killed a bag of meat
    36 | D        | Killed a sculptor of flesh
    36 | D        | Reached skill level 27 in Spellcasting
    36 | D        | Killed a bag of meat
    36 | D        | Reached XP level 19. HP: 118/121 MP: 31/47
    36 | D        | Killed a bag of meat
    36 | D        | Killed a bag of meat
    37 | D        | Noticed a destroyer
    37 | D        | Noticed a destroyer
    37 | D        | Noticed a sculptor of flesh
    37 | D        | Killed a bag of meat
    37 | D        | Killed a bag of meat
    38 | D        | Noticed a meat berserker
    38 | D        | Noticed an eight-headed meat hydra
    38 | D        | Killed a bag of meat
    38 | D        | Killed a destroyer
    38 | D        | Killed a meat berserker
    39 | D        | Noticed a sculptor of flesh
    39 | D        | Noticed a bag of meat
    39 | D        | Noticed a destroyer
    39 | D        | Noticed a meat berserker
    39 | D        | Noticed a bag of meat
    39 | D        | Noticed a destroyer
    39 | D        | Killed a meat berserker
    39 | D        | Killed a destroyer
    40 | D        | Killed an eight-headed meat hydra
    41 | D        | Killed a bag of meat
    41 | D        | Killed a destroyer
    41 | D        | Reached XP level 20. HP: 133/135 MP: 32/48
    42 | D        | Noticed a sculptor of flesh
    42 | D        | Noticed a bag of meat
    42 | D        | Killed a destroyer
    43 | D        | Noticed a large bag of meat
    43 | D        | Killed a bag of meat
    43 | D        | Killed a destroyer
    43 | D        | Reached skill level 27 in Fighting
    44 | D        | Noticed a bag of meat
    44 | D        | Killed a bag of meat
    44 | D        | Killed a sculptor of flesh
    44 | D        | Reached skill level 27 in Axes
    44 | D        | Killed a meat berserker
    44 | D        | Reached skill level 27 in Short Blades
    44 | D        | Reached skill level 15 in Throwing
    44 | D        | Reached skill level 10 in Armour
    45 | D        | Noticed a destroyer
    45 | D        | Killed a bag of meat
    45 | D        | Killed a meat berserker
    46 | D        | Noticed a meat berserker
    47 | D        | Noticed a bag of meat
    47 | D        | Noticed a bag of meat
    47 | D        | Noticed a meat berserker
    47 | D        | Noticed a sculptor of flesh
    48 | D        | Noticed a bag of meat
    48 | D        | Noticed a meat berserker
    48 | D        | Noticed a bag of meat
    48 | D        | Noticed a destroyer
    48 | D        | Killed a bag of meat
    48 | D        | Killed a destroyer
    48 | D        | Reached XP level 21. HP: 142/142 MP: 34/48
    49 | D        | Noticed a bag of meat
    49 | D        | Noticed a meat berserker
    49 | D        | Killed a bag of meat
    49 | D        | Reached skill level 15 in Armour
    50 | D        | Noticed a bag of meat
    50 | D        | Noticed a bag of meat
    50 | D        | Killed a bag of meat
    50 | D        | Killed a large bag of meat
    51 | D        | Noticed a meat berserker
    51 | D        | Noticed a meat berserker
    51 | D        | Noticed a bag of meat
    51 | D        | Killed a bag of meat
    51 | D        | Killed a meat berserker
    51 | D        | Killed a sculptor of flesh
    52 | D        | Noticed a bag of meat
    52 | D        | Noticed a bag of meat
    52 | D        | Killed a meat berserker
    52 | D        | Killed a sculptor of flesh
    53 | D        | Noticed a bag of meat
    53 | D        | Noticed an accursed
    53 | D        | Noticed a large bag of meat
    53 | D        | Noticed a sculptor of flesh
    54 | D        | Noticed an accursed
    54 | D        | Killed a meat berserker
    54 | D        | Reached skill level 27 in Throwing
    55 | D        | Noticed a bag of meat
    55 | D        | Killed a meat berserker
    56 | D        | Killed a nine-headed meat hydra
    56 | D        | Killed a meat berserker
    57 | D        | Killed a destroyer
    58 | D        | Noticed a destroyer
    58 | D        | Noticed a bag of meat
    58 | D        | Noticed a dread
    58 | D        | Noticed The Captor
    58 | D        | Killed a bag of meat
    58 | D        | Killed a bag of meat
    59 | D        | Killed a bag of meat
    59 | D        | Reached XP level 22. HP: 148/148 MP: 36/49
    60 | D        | Noticed a bag of meat
    60 | D        | Killed a bag of meat
    60 | D        | Killed a bag of meat
    61 | D        | Noticed an accursed
    61 | D        | Noticed a meat berserker
    61 | D        | Killed a meat berserker
    62 | D        | Killed a bag of meat
    62 | D        | Killed a bag of meat
    62 | D        | Killed a sculptor of flesh
    64 | D        | Noticed a bag of meat
    65 | D        | Killed The Captor
    65 | D        | Killed a bag of meat
    65 | D        | Killed a bag of meat
    65 | D        | Reached skill level 27 in Armour
    65 | D        | Killed a bag of meat
    65 | D        | Killed a destroyer
    66 | D        | Killed a meat berserker
    67 | D        | Killed a bag of meat
    67 | D        | Reached skill level 15 in Unarmed Combat
    67 | D        | Killed an accursed
    67 | D        | Killed a destroyer
    67 | D        | Killed a sculptor of flesh
    68 | D        | Noticed a meat beast
    68 | D        | Noticed a meat berserker
    68 | D        | Killed a bag of meat
    68 | D        | Killed a bag of meat
    69 | D        | Noticed a meat berserker
    70 | D        | Noticed a bag of meat
    70 | D        | Killed a large bag of meat
    70 | D        | Killed an accursed
    71 | D        | Noticed a bag of meat
    71 | D        | Noticed a meat berserker
    71 | D        | Noticed a meat berserker
    71 | D        | Killed a bag of meat
    71 | D        | Reached XP level 23. HP: 116/153 MP: 39/49
    71 | D        | Killed a meat beast
    72 | D        | Noticed a meat beast
    72 | D        | Noticed a destroyer
    72 | D        | Noticed a meat beast
    73 | D        | Killed a meat berserker
    73 | D        | Reached skill level 27 in Unarmed Combat
    74 | D        | Noticed a meat berserker
    74 | D        | Killed a bag of meat
    75 | D        | Killed a meat berserker
    75 | D        | Killed a meat beast
    76 | D        | Killed an accursed
    76 | D        | Killed a meat beast
    77 | D        | Killed a meat berserker
    77 | D        | Killed a meat berserker
    78 | D        | Killed a dread
    79 | D        | Noticed a lost soul
    79 | D        | Noticed a bag of meat
    79 | D        | Noticed a meat beast
    80 | D        | Killed a bag of meat
    80 | D        | Reached XP level 24. HP: 156/158 MP: 41/50
    81 | D        | Killed a destroyer
    82 | D        | Killed a bag of meat
    82 | D        | Killed a lost soul
    82 | D        | Killed a meat berserker
    83 | D        | Noticed a bag of meat
    83 | D        | Noticed a bag of meat
    84 | D        | Killed a meat beast
    86 | D        | Noticed an eight-headed meat hydra
    87 | D        | Noticed a meat beast
    87 | D        | Killed a bag of meat
    88 | D        | Noticed a lost soul
    88 | D        | Noticed a bag of meat
    88 | D        | Noticed a bag of meat
    88 | D        | Noticed a bag of meat
    89 | D        | Noticed a meat berserker
    91 | D        | Killed a bag of meat
    91 | D        | Killed a meat beast
    92 | D        | Noticed an observer
    93 | D        | Noticed a bag of meat
    93 | D        | Killed a bag of meat
    94 | D        | Noticed a tyrant
    94 | D        | Killed a meat berserker
    95 | D        | Killed a nine-headed meat hydra
    96 | D        | Killed a bag of meat
    96 | D        | Reached XP level 25. HP: 89/163 MP: 43/50
    97 | D        | Noticed a dread
    97 | D        | Noticed a meat berserker
    97 | D        | Killed a bag of meat
    97 | D        | Killed an observer
    98 | D        | Noticed a lost soul
    98 | D        | Killed a bag of meat
    99 | D        | Noticed a bag of meat
    99 | D        | Noticed a tyrant
    99 | D        | Noticed a meat berserker
    99 | D        | Killed a lost soul
   100 | D        | Noticed an observer
   101 | D        | Noticed a destroyer
   102 | D        | Noticed a meat berserker
   102 | D        | Noticed a tyrant
   102 | D        | Noticed an observer
   102 | D        | Killed a bag of meat
   102 | D        | Killed a bag of meat
   102 | D        | Killed a dread
   103 | D        | Noticed a bag of meat
   103 | D        | Noticed a lost soul
   103 | D        | Noticed a dread
   103 | D        | Killed a tyrant
   103 | D        | Killed a meat berserker
   104 | D        | Noticed a bag of meat
   104 | D        | Noticed an observer
   104 | D        | Killed a meat berserker
   106 | D        | Killed an observer
   107 | D        | Noticed a bag of meat
   107 | D        | Noticed a bag of meat
   107 | D        | Killed a tyrant
   107 | D        | Reached XP level 26. HP: 102/169 MP: 46/50
   108 | D        | Noticed a bag of meat
   108 | D        | Noticed a scourge
   108 | D        | Killed a scourge
   108 | D        | Killed a tyrant
   109 | D        | Killed a meat berserker
   109 | D        | Killed an observer
   110 | D        | Killed a destroyer
   111 | D        | Killed a bag of meat
   111 | D        | Killed a bag of meat
   111 | D        | Killed an observer
   111 | D        | Killed a lost soul
   112 | D        | Noticed a dread
   113 | D        | Killed a bag of meat
   114 | D        | Killed a bag of meat
   114 | D        | Killed a dread
   115 | D        | Killed a dread
   116 | D        | Killed a bag of meat
   117 | D        | Killed a lost soul
   118 | D        | Noticed a fleshlord
   118 | D        | Noticed a meat berserker
   118 | D        | Noticed a meat berserker
   118 | D        | Annihilated by a fleshlord

Action                   |  1- 3 |  4- 6 |  7- 9 | 10-12 | 13-15 | 16-18 | 19-21 | 22-24 | 25-27 || total
-------------------------+-------+-------+-------+-------+-------+-------+-------+-------+-------++-------
Melee: Broad axe         |     1 |       |       |     2 |     7 |    10 |    21 |    25 |    17 ||    83
 Cast: Apportation       |       |       |       |       |       |       |       |     1 |       ||     1
